 Dungeon Crawl Stone Soup version 0.21-a0-528-gf531e82 (webtiles) character file.

8487 mortelune the Thaumaturge (level 11, -8/55 (56) HPs)
             Began as a Deep Elf Conjurer on Dec 9, 2017.
             Was a Priest of Vehumet.
             Engulfed by a cloud of flame (11 damage)
             ... on level 9 of the Dungeon.
             The game lasted 00:56:44 (16394 turns).

mortelune the Thaumaturge (Deep Elf Conjurer)      Turns: 16394, Time: 00:56:45

HP:   -8/55 (56)    AC: 11    Str:  5    XL:     11   Next: 10%
MP:   9/28          EV: 20    Int: 31    God:    Vehumet [***...]
Gold: 273           SH:  0    Dex: 22    Spells: 15/33 levels left

rFire    . . .     SeeInvis .   a - +8 mace of Kacet {flame, Dex+5}
rCold    + . .     Gourm    +   (no shield)
rNeg     + + .     Faith    .   t - +0 leather armour
rPois    .         Spirit   .   g - +0 helmet of Calones {rN+ Int+4}
rElec    .         Reflect  .   I - +2 cloak
rCorr    .         Harm     .   k - +2 pair of gloves
MR       +....                  (no boots)
Stlth    ++........             B - amulet of the gourmand
HPRegen  0.18/turn              p - +3 ring of intelligence
MPRegen  0.21/turn              y - ring "Bokyjoda" {rC+ rN+ Dex+2}

@: no status effects
A: no striking features
a: Renounce Religion


You were on level 9 of the Dungeon.
You worshipped Vehumet.
Vehumet was most pleased with you.
You were completely stuffed.

You visited 2 branches of the dungeon, and saw 11 of its levels.

You collected 520 gold pieces.
You spent 247 gold pieces at shops.

Inventory:

Hand Weapons
 a - the +8 mace of Kacet (weapon) {flame, Dex+5}
   (You found it on level 7 of the Dungeon)

   It has been specially enchanted to burn those struck by it, causing extra
   injury to most foes and up to half again as much damage against particularly
   susceptible opponents.
   It affects your dexterity (+5).
Armour
 g - the +0 helmet of Calones (worn) {rN+ Int+4}
   (You bought it in a shop on level 10 of the Dungeon)

   It affects your intelligence (+4).
   It protects you from negative energy.
 k - a +2 pair of gloves (worn)
 t - a +0 leather armour (worn)
 H - a +2 helmet
 I - a +2 cloak (worn)
 P - a +0 ring mail of poison resistance
Jewellery
 p - a +3 ring of intelligence (left hand)
 y - the ring "Bokyjoda" (right hand) {rC+ rN+ Dex+2}
   (You found it on level 4 of the Dungeon)

   [ring of dexterity]

   It affects your dexterity (+2).
   It protects you from cold.
   It protects you from negative energy.
 B - an amulet of the gourmand (around neck)
 J - an uncursed ring of protection from fire
 T - an uncursed ring of resist corrosion
 Y - an uncursed amulet of rage
Wands
 z - a wand of polymorph (16)
 Q - a wand of scattershot (4)
 S - a wand of iceblast (6)
 Z - a wand of flame (27)
Scrolls
 f - 2 scrolls of random uselessness
 i - 2 scrolls of noise
 n - a scroll of magic mapping {unknown}
 o - a scroll of enchant armour {unknown}
 r - 5 scrolls of remove curse
 v - a scroll of fog {unknown}
 A - a scroll of amnesia {unknown}
 D - 2 scrolls of enchant weapon
 L - a scroll of vulnerability
 N - a scroll of teleportation {unknown}
 X - a scroll of identify
Potions
 e - 3 potions of curing
 h - 4 potions of heal wounds
 j - 2 potions of haste
 q - 2 potions of magic
 u - 4 potions of lignification
 w - 4 potions of brilliance
 x - a potion of might
 C - a potion of degeneration
 E - 2 potions of resistance {unknown}
 G - a potion of flight
 K - 2 potions of mutation
 R - a potion of agility
Books
 b - a book of Conjurations

   Spells                             Type                      Level
   a - Magic Dart                     Conjuration                  1
   b - Searing Ray                    Conjuration                  2
   c - Dazzling Spray                 Conjuration/Hexes            3
   d - Fulminant Prism                Conjuration/Hexes            4
   e - Force Lance                    Conjuration/Translocation    4
   f - Iskenderun's Mystic Blast      Conjuration                  4
 l - a book of Misfortune

   Spells                             Type                      Level
   a - Confusing Touch                Hexes                        1
   b - Confuse                        Hexes                        3
   c - Gell's Gravitas                Translocation                3
   d - Petrify                        Transmutation/Earth          4
   e - Metabolic Englaciation         Hexes/Ice                    5
   f - Yara's Violent Unravelling     Hexes/Transmutation          5
 W - a book of Minor Magic

   Spells                             Type                      Level
   a - Magic Dart                     Conjuration                  1
   b - Blink                          Translocation                2
   c - Call Imp                       Summoning                    2
   d - Slow                           Hexes                        2
   e - Conjure Flame                  Conjuration/Fire             3
   f - Mephitic Cloud                 Conjuration/Poison/Air       3
Comestibles
 c - 11 bread rations
 d - 4 meat rations
 V - a fruit


   Skills:
 + Level 1.2 Fighting
 + Level 4.5 Armour
 * Level 10.6 Dodging
 - Level 2.4 Stealth
 + Level 11.5 Spellcasting
 * Level 10.6 Conjurations
 - Level 7.1 Hexes
 + Level 1.6 Translocations
 + Level 0.2 Fire Magic


You had 15 spell levels left.
You knew the following spells:

 Your Spells              Type           Power        Failure   Level  Hunger
a - Magic Dart            Conj           ####         1%          1    None
b - Searing Ray           Conj           ######       1%          2    None
c - Dazzling Spray        Conj/Hex       ######       1%          3    None
d - Confuse               Hex            ######..     1%          3    None
e - Iskenderun's Mystic   Conj           ######..     1%          4    None
f - Blink                 Tloc           N/A          3%          2    None
g - Inner Flame           Hex/Fire       #####...     1%          3    None


Dungeon Overview and Level Annotations

Branches:
Dungeon (10/15)            Temple (1/1) D:4            Lair (0/6) D:10
    Orc: D:9-12

Altars:
Dithmenos
Elyvilon
Fedhas
Gozag
Hepliaklqana
Kikubaaqudgha
Makhleb
Nemelex Xobeh
Okawaru
Qazlal
Ru
Sif Muna
Uskayaw
Vehumet
Wu Jian
Xom
Yredelemnul
Zin
The Shining One

Shops:
D:10 [


Message History

Aiming: Iskenderun's Mystic Blast
Press: ? - help, Shift-Dir - straight line, f/p - troll
Aim: a troll (moderately wounded, confused, inner flame)
The orb of energy hits the troll.
The troll is severely wounded.
The orb of energy explodes!
Casting: Iskenderun's Mystic Blast
Confirm with . or Enter, or press ? or * to list all spells.
Aiming: Iskenderun's Mystic Blast
Press: ? - help, Shift-Dir - straight line, f/p - troll
Aim: a troll (severely wounded, confused, inner flame)
The orb of energy hits the troll.
The troll explodes!
The fiery explosion engulfs you!
Ouch! That really hurt!
* * * LOW HITPOINT WARNING * * *
Vehumet accepts your kill.
You feel your power returning.
The orb of energy explodes!
You are engulfed in blazing flames.
You die...

#.....................# #......
#.#........###....#+### #......
#.#...............#.######......
#.#...........#.........##......
#.#........#..#..##.###.##......
#>#..#.....#....................
#.#..#.#.####.#####[###.########
#.#....#.####.#####[###.#
#.#..#.........@§§......#
#..............§§§..##### #####
###..#.#..............# #....
#..#.######.#.#####.# #.###
#..#.# #.#.#####.######.# ####.#
#.#.[<...........#
#.######.#[#####.######.#
#........#[#####.# #.#
##########)......# #.#


There were no monsters in sight!

Vanquished Creatures
  A two-headed ogre (D:8)
  The ghost of Gorglomux the Whirler, a novice HaWn of Okawaru (D:9)
  Pikel (D:6)
  A manticore (D:10)
  A gargoyle (D:10)
  The ghost of Typee the Sneak, a novice OpFE of Kikubaaqudgha (D:5)
  A troll (D:9)
  2 wyverns
  A wraith (D:10)
  A hungry ghost (D:6)
  6 yaks (D:9)
  A water moccasin (D:6)
  3 ice beasts
  A black bear (D:9)
  4 slaves
  A phantom (D:4)
  3 orc warriors
  3 sky beasts
  2 necrophages
  5 centaurs
  8 ogres
  3 big kobolds
  2 bullfrogs
  3 scorpions
  5 wights
  A howler monkey (D:6)
  6 crimson imps
  3 orc priests
  4 jellies
  A gnoll shaman (D:10)
  3 hounds
  A bullfrog skeleton (D:5)
  Crazy Yiuf (D:4)
  4 iguanas
  3 worker ants
  8 orc wizards
  A hound zombie (D:8)
  A hound skeleton (D:9)
  3 adders
  10 gnolls
  A howler monkey skeleton (D:8)
  A shadow imp (D:5)
  An adder skeleton (D:10)
  A worm (D:3)
  2 dart slugs
  3 leopard geckos
  27 orcs
  3 giant cockroaches
  3 goblins
  9 hobgoblins
  6 jackals
  25 kobolds
  2 quokkas
  3 ball pythons
  13 bats
  6 frilled lizards
  A leopard gecko skeleton (D:5)
  A quokka zombie (D:8)
  5 rats
224 creatures vanquished.

Vanquished Creatures (others)
  An orc (D:4)
  A quokka (D:4)
2 creatures vanquished.

Grand Total: 226 creatures vanquished

Notes
Turn   | Place    | Note
-------+----------+-------------------------------------------
     0 | D:1      | mortelune the Deep Elf Conjurer began the quest for the Orb.
     0 | D:1      | Reached XP level 1. HP: 10/10 MP: 6/6
   503 | D:1      | Reached XP level 2. HP: 15/15 MP: 5/8
   507 | D:1      | Learned a level 2 spell: Searing Ray
  1056 | D:1      | Reached XP level 3. HP: 19/19 MP: 5/10
  1710 | D:2      | Found an iron altar of Okawaru.
  1779 | D:2      | Reached skill level 4 in Spellcasting
  1843 | D:2      | Found a glowing silver altar of Zin.
  2040 | D:2      | Reached skill level 5 in Conjurations
  2487 | D:3      | Learned a level 3 spell: Dazzling Spray
  2544 | D:3      | Reached XP level 4. HP: 24/24 MP: 8/12
  3335 | D:3      | Reached XP level 5. HP: 28/28 MP: 10/14
  3876 | D:4      | Learned a level 3 spell: Confuse
  3881 | D:4      | Learned a level 4 spell: Iskenderun's Mystic Blast
  4138 | D:4      | Noticed an ogre
  4146 | D:4      | Killed an ogre
  4146 | D:4      | Reached skill level 5 in Spellcasting
  4351 | D:4      | Noticed a phantom
  4489 | D:4      | Found a white marble altar of Elyvilon.
  4494 | D:4      | Reached XP level 6. HP: 32/32 MP: 10/16
  4721 | D:4      | Found a sacrificial altar of Ru.
  4989 | D:4      | Found a staircase to the Ecumenical Temple.
  5012 | Temple   | Entered the Ecumenical Temple
  5046 | Temple   | Became a worshipper of Vehumet
  5092 | D:4      | Reached skill level 5 in Dodging
  5205 | D:4      | Found a runed door.
  5309 | D:4      | Got a shimmering bronze ring
  5310 | D:4      | Identified the ring "Bokyjoda" {rC+ rN+ Dex+2} (You found it on level 4 of the Dungeon)
  5480 | D:5      | Entered Level 5 of the Dungeon
  5480 | D:5      | Noticed Typee's ghost (novice OpFE)
  5486 | D:5      | Killed Typee's ghost
  5486 | D:5      | Reached skill level 6 in Spellcasting
  5486 | D:5      | Reached XP level 7. HP: 35/36 MP: 6/18
  5893 | D:5      | Reached skill level 1 in Hexes
  6114 | D:5      | Found a faded altar of an unknown god.
  6114 | D:5      | Found a hazy altar of Hepliaklqana.
  6122 | D:5      | Found an iron altar of Okawaru.
  6143 | D:5      | Found a blossoming altar of Fedhas.
  6144 | D:5      | Found an opulent altar of Gozag.
  6228 | D:5      | Reached skill level 7 in Spellcasting
  6624 | D:5      | Reached XP level 8. HP: 41/41 MP: 14/21
  7241 | D:6      | Reached * piety under Vehumet
  7241 | D:6      | Offered knowledge of Sandblast by Vehumet.
  7318 | D:6      | Reached skill level 8 in Spellcasting
  8212 | D:6      | Reached skill level 5 in Hexes
  8561 | D:7      | Reached XP level 9. HP: 39/44 MP: 8/23
  8706 | D:4      | Noticed Crazy Yiuf
  8710 | D:4      | Killed Crazy Yiuf
  9164 | D:7      | Reached skill level 9 in Spellcasting
 10160 | D:8      | Reached skill level 1 in Armour
 10413 | D:7      | Noticed Pikel
 10681 | D:8      | Noticed a two-headed ogre
 10761 | D:6      | Killed Pikel
 10993 | D:6      | Reached skill level 10 in Spellcasting
 11195 | D:7      | Reached ** piety under Vehumet
 11336 | D:7      | Offered knowledge of Sting by Vehumet.
 11438 | D:7      | Got a shimmering mace
 11439 | D:7      | Identified the +8 mace of Kacet {flame, Dex+5} (You found it on level 7 of the Dungeon)
 11816 | D:8      | Killed a two-headed ogre
 11816 | D:8      | Reached XP level 10. HP: 49/49 MP: 6/26
 12827 | D:9      | Offered knowledge of Throw Frost by Vehumet.
 13092 | D:9      | Reached skill level 10 in Dodging
 13142 | D:9      | Reached skill level 10 in Conjurations
 13395 | D:9      | Reached skill level 11 in Spellcasting
 13646 | D:9      | Noticed Gorglomux's ghost (novice HaWn)
 13671 | D:9      | Killed Gorglomux's ghost
 13671 | D:9      | Reached *** piety under Vehumet
 13901 | D:9      | Learned a level 2 spell: Blink
 14007 | D:9      | Found a burning altar of Makhleb.
 14909 | D:10     | Entered Level 10 of the Dungeon
 15458 | D:10     | Noticed a manticore
 15460 | D:10     | Killed a manticore
 15460 | D:10     | Reached skill level 1 in Translocations
 15677 | D:10     | Reached XP level 11. HP: 54/54 MP: 19/28
 15890 | D:10     | Reached skill level 1 in Fighting
 15957 | D:10     | Found a staircase to the Lair.
 16152 | D:10     | Found Kuag's Antique Armour Emporium.
 16177 | D:10     | Bought a spiked helmet for 247 gold pieces
 16187 | D:10     | Identified the +0 helmet of Calones {rN+ Int+4} (You bought it in a shop on level 10 of the Dungeon)
 16206 | D:10     | Offered knowledge of Inner Flame by Vehumet.
 16385 | D:9      | Learned a level 3 spell: Inner Flame
 16394 | D:9      | Engulfed by a cloud of flame

Vault maps used:
D:1:      saegor_arrival_simple_a
D:2:      lemuel_coloured_pillars_altar, okawaru_ov_weapons_minmay
D:4:      nicolae_overflow_crystal_walls, minmay_temple_entry_glass,
          elyvilon_altar_4, uniq_crazy_yiuf_cottage
D:5:      chequers_temple_overflow_minitemple, first_bread
D:6:      cheibrodos_thug_alley
D:7:      grunt_ogre_cave, uniq_pikel
D:9:      lemuel_ice_spiral_2, bloody_makhleb
D:10:     lair_entry_dummy, serial_shops, shop, shop_coins, nicolae_shop_stone,
          shop, nicolae_ru_sacrificial_ziggurat
Temple:   eino_temple_rhombus

Skill      XL: |  1  2  3  4  5  6  7  8  9 10 11 |
---------------+----------------------------------+-----
Dodging        | 3 4 5 6 7 9 10 | 10.6
Spellcasting   | 4 5 6 7 8 10 11 | 11.5
Conjurations   | 5 6 7 8 9 10 | 10.6
Hexes          | 2 5 6 7 |  7.1
Armour         | 3 4 |  4.5
Translocations | 1 |  1.6
Fighting       | 1 |  1.2
Stealth        | |  2.4
Fire Magic     | |  0.2

Action                   |  1- 3 |  4- 6 |  7- 9 | 10-12 || total
-------------------------+-------+-------+-------+-------++-------
Melee: Unarmed           |    12 |       |       |       ||    12
       Short sword       |       |     2 |       |       ||     2
       Hand axe          |       |       |    20 |       ||    20
       Mace              |       |       |    21 |    32 ||    53
 Cast: Magic Dart        |    78 |    61 |   193 |    48 ||   380
       Searing Ray       |     8 |    12 |    28 |     2 ||    50
       Confuse           |       |     1 |    23 |    26 ||    50
       Iskenderun's Myst |       |     3 |    44 |    97 ||   144
       Dazzling Spray    |       |     1 |       |       ||     1
       Inner Flame       |       |       |       |     1 ||     1
  Use: Scroll            |     1 |     1 |     8 |    11 ||    21
 Stab: Confused          |       |       |     4 |     3 ||     7
  Eat: Chunk             |     4 |     4 |    16 |    19 ||    43
       Fruit             |       |     2 |     1 |       ||     3
       Meat ration       |       |     1 |       |     1 ||     2
       Royal jelly       |       |       |     1 |       ||     1
Armor: Robe              |     2 |     5 |    10 |       ||    17
       Ring mail         |       |       |    22 |       ||    22
       Leather armour    |       |       |     4 |    15 ||    19
Dodge: Dodged            |    17 |     7 |    70 |    63 ||   157

Table legend:
 A = Spawn XP
 B = Non-spawn XP
 C = Spawn XP percentage of total XP
 D = Spawn monster count
 E = Non-spawn monster count
 F = Spawn count percentage of total count
 G = Total turns spent on level
                    A         B        C        D         E        F      G
               +---------+---------+-------+---------+---------+-------+---------
         Total |       0 |   12125 |   0.0 |       0 |     220 |   0.0 | 16394
               +---------+---------+-------+---------+---------+-------+---------
           D:1 |       0 |      60 |   0.0 |       0 |      30 |   0.0 |  1567
           D:2 |       0 |      26 |   0.0 |       0 |      15 |   0.0 |   916
           D:3 |       0 |     148 |   0.0 |       0 |      24 |   0.0 |  1514
           D:4 |       0 |     339 |   0.0 |       0 |      13 |   0.0 |  1689
           D:5 |       0 |    1034 |   0.0 |       0 |      19 |   0.0 |  1568
           D:6 |       0 |    1861 |   0.0 |       0 |      27 |   0.0 |  2064
           D:7 |       0 |    1606 |   0.0 |       0 |      22 |   0.0 |  1845
           D:8 |       0 |    2063 |   0.0 |       0 |      20 |   0.0 |  1477
           D:9 |       0 |    3069 |   0.0 |       0 |      23 |   0.0 |  3103
          D:10 |       0 |    1919 |   0.0 |       0 |      27 |   0.0 |   583
               +---------+---------+-------+---------+---------+-------+---------
